 Dungeon Crawl Stone Soup version 0.24.0-1-gfbc8707 (webtiles) character file.

Game seed: 6851014603963569475, levelgen mode: deterministic

156 shmeve the Shield-Bearer (level 5, -8/47 HPs)
             Began as a Minotaur Fighter on Nov 5, 2019.
             Was an Initiate of Trog.
             Mangled by an ogre
             ... wielding a +0 giant club
              (19 damage)
             ... on level 4 of the Dungeon.
             The game lasted 00:04:39 (2191 turns).

shmeve the Shield-Bearer (Minotaur Fighter)         Turns: 2191, Time: 00:04:40

Health: -8/47      AC:  9    Str: 20    XL:     5   Next: 14%
Magic:  4/4        EV:  6    Int:  5    God:    Trog [......]
Gold:   199        SH:  0    Dex: 11    Spells: 4/4 levels left

rFire    . . .     SeeInvis .   a - +0 war axe
rCold    . . .     Gourm    .   v - +3 shield
rNeg     . . .     Faith    .   e - +0 chain mail
rPois    .         Spirit   .   (helmet restricted)
rElec    .         Reflect  .   (no cloak)
rCorr    .         Harm     .   (no gloves)
MR       .....                  (no boots)
Stlth    ..........             (no amulet)
HPRegen  0.15/turn              u - ring of attention (curse)
MPRegen  0.09/turn              (no ring)

@: confused
A: retaliatory headbutt, horns 2
a: Renounce Religion


You were on level 4 of the Dungeon.
You worshipped Trog.
Trog was noncommittal.
You were very hungry.

You visited 2 branches of the dungeon, and saw 5 of its levels.

You collected 199 gold pieces.

Inventory:

Hand Weapons
 a - a +0 war axe (weapon)
Armour
 e - a +0 chain mail (worn)
 v - a +3 shield (worn)
Jewellery
 u - a cursed ring of attention (left hand)
Scrolls
 b - a scroll of enchant armour
 h - 6 scrolls of identify
 i - a scroll of noise {unknown}
 l - 4 scrolls of teleportation
 n - a scroll of fog
Potions
 c - a potion of magic {unknown}
 d - a potion of might
 g - 3 potions of flight {unknown}
 j - a potion of invisibility {unknown}
 k - 2 potions of curing {unknown}
 m - 2 potions of agility {unknown}
 o - a potion of resistance {unknown}
 q - a potion of heal wounds {unknown}
 s - a potion of mutation {unknown}
Comestibles
 f - 4 rations


   Skills:
 * Level 4.5 Fighting
 * Level 3.8 Axes
 + Level 1.4 Throwing
 + Level 4.1 Armour
 + Level 1.3 Dodging
 * Level 4.6 Shields


You had 4 spell levels left.
You didn't know any spells.
Your spell library was empty.

Dungeon Overview and Level Annotations

Branches:
Dungeon (4/15)             Temple (1/1) D:4

Altars:
Ashenzari
Dithmenos
Fedhas
Gozag
Hepliaklqana
Kikubaaqudgha
Nemelex Xobeh
Qazlal
Sif Muna
Trog
Uskayaw
Vehumet
Xom
Yredelemnul

Annotations:
D:4 Sigmund


Innate Abilities, Weirdness & Mutations

You reflexively headbutt those who attack you in melee.
You have a pair of horns on your head.


Message History

You block something's attack. The orc hits you with a +0 war axe.
You hit something. You headbutt something! You hit the orc but do no damage.
Something hits you! The orc closely misses you.
You miss something. You hit the orc. The orc hits you with a +0 war axe.
Something hits you! The ogre barely misses you.
You slash something! You barely miss the orc. You hit the ogre.
The orc closely misses you. Something hits you.
The ogre hits you with a +0 giant club!
* * * LOW HITPOINT WARNING * * *
You miss something. Your headbutt misses something. You hit the ogre.
You slash the orc!
You kill the orc!
Trog accepts your kill. You block the ogre's attack.
You hear some strange, mumbled words.
You are confused.
You're too confused to move!
Something hits you but does no damage.
Unknown command.
The ogre hits you with a +0 giant club!!
You die...

.#####.....## #.#
#.......# .# #.#...## #.#
##.......# .# #.#####.
##.#####..##.#### .# ..#
#. #........[....... .#
##.#
#.##.##.#[...#.#....# .#
#.. #.......#.##.#.#.#..#
.#
..####.#.#...........#.(#
..
......)..#.#.#.#.##.....#
<# #{.O@.#.#.#..).#...#
.# #.#............#...#
## #.#.##.#.>†#.#.....#
#.#....#...#.#.##..#
#.#.#....#.........#
#.#.#.##.#.##.#....#
..#...........#....#
###.#.#.#.##....#.##
#.#.#.#....##.#.#


You could see an ogre.

Vanquished Creatures
  A scorpion (D:4)
  A worker ant (D:4)
  An adder skeleton (D:4)
  5 worms
  2 dart slugs
  2 leopard geckos (D:2)
  2 orcs (D:4)
  5 bats
  5 giant cockroaches
  8 goblins
  2 hobgoblins
  3 jackals (D:4)
  3 quokkas
  2 ball pythons
  2 frilled lizards (D:2)
  7 kobolds
  6 rats
57 creatures vanquished.

Vanquished Creatures (others)
  4 toadstools (D:1)
4 creatures vanquished.

Grand Total: 61 creatures vanquished

Notes
Turn   | Place    | Note
-------+----------+-------------------------------------------
     0 | D:1      | shmeve the Minotaur Fighter began the quest for the Orb.
     0 | D:1      | Reached XP level 1. HP: 19/19 MP: 0/0
   358 | D:1      | You fall into a shaft and drop 1 floor!
   364 | D:2      | Reached XP level 2. HP: 27/27 MP: 1/1
   698 | D:2      | Reached XP level 3. HP: 33/33 MP: 2/2
  1009 | D:2      | Reached skill level 1 in Throwing
  1686 | D:3      | Reached skill level 1 in Dodging
  1690 | D:3      | Reached XP level 4. HP: 40/40 MP: 3/3
  1882 | D:4      | Found a hide-covered altar of Uskayaw.
  1941 | D:4      | Found a staircase to the Ecumenical Temple.
  1949 | Temple   | Entered the Ecumenical Temple
  1999 | Temple   | Became a worshipper of Trog the Wrathful
  2052 | D:4      | Reached XP level 5. HP: 43/47 MP: 4/4
  2182 | D:4      | Noticed an ogre
  2182 | D:4      | Noticed Sigmund
  2191 | D:4      | Mangled by an ogre

Levels and vault maps discovered:
D:1:      ldierk_water_garden, layout_loops_ring
D:2:      layout_rooms, first_ration, minmay_tiny_reverse_x
D:3:      layout_basic
D:4:      layout_loops_ring, lemuel_crystal_altar,
          nicolae_overflow_crystal_walls, minmay_temple_entry_ruins,
          uniq_sigmund
Temple:   compressed_dpeg_circular_temple

Skill      XL: |  1  2  3  4 |
---------------+-------------+-----
Fighting       | 4 |  4.5
Shields        | 4 |  4.6
Axes           | 3 |  3.8
Throwing       | 1 |  1.4
Dodging        | 1 |  1.3
Armour         | 4 |  4.1

Action                   |  1- 3 |  4- 6 || total
-------------------------+-------+-------++-------
Melee: War axe           |   107 |    32 ||   139
       Headbutt          |    17 |     8 ||    25
  Use: Scroll            |     7 |       ||     7
  Eat: Chunk             |     3 |       ||     3
Armor: Scale mail        |    41 |     1 ||    42
       Chain mail        |       |    11 ||    11
Dodge: Dodged            |    24 |    13 ||    37
Block: Shield            |    61 |    24 ||    85
